AoeStats
← Balili

Four Lakes

509756907Analyzed
1v1 RM · 6d ago on Sep 27, 2026· 25m 53s· 2 players
Game mode
Random Map
Map size
Tiny (2 player)
Population
200
Speed
Normal
Resources
Standard
Victory
Conquest
Starting age
Dark Age
Ending age
Imperial Age
RankedLock teamsTeams togetherTeam positionsShared explorationLock speedFull tech treeHidden civsTurbo modeCheats
Victory
Defeat
🇺🇸 Japanese · United States
1228
+15
🇳🇱 Byzantines · Netherlands
1216
-15
Raudius
7:44 Loom
9:59 Feudal Age
10:33 Double-Bit Axe
15:05 Fletching
15:16 Padded Archer Armor
21:19 Castle Age
20:15 Scale Mail Armor
20:12 Fishing Lines
22:25 Pikeman
23:07 Squires
23:23 Chain Mail Armor
Balili
10:27 Feudal Age
10:31 Man-at-Arms
12:01 Wheelbarrow
12:31 Loom
12:49 Arson
18:41 Castle Age
16:32 Fishing Lines
18:23 Double-Bit Axe
18:33 Gold Mining
19:17 Scale Mail Armor
19:30 Forging
19:21 Long Swordsman
22:07 Gambesons
24:11 Squires
Connection lost

Rejoining the realm…

Still unreachable

The connection could not be restored.

Session expired

The server has moved on; the page needs a fresh start.